 Dungeon Crawl Stone Soup version 0.18-a0-46-g45ca8e4 (webtiles) character file.

51229 Duffy the Tortoise (level 15, -42/115 HPs)
             Began as a Human Assassin on Nov 6, 2015.
             Was the Champion of Cheibriados.
             Annihilated by an enormous slime creature (51 damage)
             ... on level 12 of the Dungeon.
             The game lasted 00:40:24 (24996 turns).

Duffy the Tortoise (Human Assassin)                Turns: 24996, Time: 00:40:25

Health: -42/115    AC: 23    Str: 32    XL:     15   Next: 1%
Magic:  22/22      EV: 19    Int: 30    God:    Cheibriados [******]
Gold:   311        SH:  0    Dex: 29    Spells: 0 memorised, 14 levels left

rFire  . . .     SeeInvis +     a - +5 dire flail (crush)
rCold  + . .     Clarity  +     F - +0 plate armour
rNeg   + . .     SustAt   .     (shield currently unavailable)
rPois  .         Gourm    .     P - +0 helmet
rElec  .         Spirit   .     d - +0 cloak
rCorr  .         Warding  .     H - +0 pair of gloves
rMut   .         Stasis   .     s - +0 pair of boots
MR     ++++.                    y - amulet of the Four Winds {Clar rN+ MR+++}
Stlth  ..........               Z - ring of Sasesothau {rC+ SInv}
                                x - +3 ring of slaying

@: about to teleport, very slow, incredibly resistant to hostile enchantments,
extremely unstealthy
A: clever 1
a: Bend Time, Temporal Distortion, Slouch, Step From Time, Renounce Religion


You were on level 12 of the Dungeon.
You worshipped Cheibriados.
Cheibriados was exalted by your worship.
You were not hungry.

You visited 2 branches of the dungeon, and saw 18 of its levels.

You collected 1039 gold pieces.
You spent 728 gold pieces at shops.


Innate Abilities, Weirdness & Mutations

Your mind is acute. (Int +2)


   Skills:
 - Level 10.0 Fighting
   Level 2.0 Short Blades
 - Level 14.0 Maces & Flails
 - Level 2.0 Throwing
 - Level 15.0 Armour
 - Level 10.0 Dodging
 - Level 4.0 Stealth
 + Level 9.9 Invocations


You had 14 spell levels left.
You didn't know any spells.

Inventory:

Hand Weapons
 a - a +5 dire flail of crushing (weapon)
 b - a +0 blowgun
Missiles
 e - 34 poisoned needles
 h - 713 stones (quivered)
 E - 2 curare-tipped needles
Armour
 d - a +0 cloak (worn)
 s - a +0 pair of boots (worn)
 F - a +0 plate armour (worn)
 H - a +0 pair of gloves (worn)
 P - a +0 helmet (worn)
Jewellery
 f - an uncursed amulet of regeneration
 j - an uncursed ring of fire
 k - an uncursed ring of poison resistance
 r - an uncursed amulet of resist mutation
 x - a +3 ring of slaying (left hand)
 y - the amulet of the Four Winds (around neck) {Clar rN+ MR+++}

   [amulet of clarity]

   It provides mental clarity.
   It protects you from negative energy.
   It affects your resistance to hostile enchantments.
 A - an uncursed ring of flight
 K - an uncursed ring of teleportation
 S - an uncursed amulet of stasis
 Z - the ring of Sasesothau (right hand) {rC+ SInv}

   [ring of protection from cold]

   It protects you from cold.
   It lets you see invisible.
Wands
 m - a wand of draining (7)
 o - a wand of lightning (6)
 I - a wand of cold (3)
 L - a wand of polymorph (17)
 X - a wand of paralysis (10)
 Y - a wand of paralysis (17)
Scrolls
 l - 2 scrolls of magic mapping
 t - 6 scrolls of remove curse
 u - 2 scrolls of recharging
 w - 4 scrolls of enchant armour
 B - 4 scrolls of teleportation
 O - 2 scrolls of blinking {unknown}
 Q - 2 scrolls of fog
 U - a scroll of summoning {unknown}
 V - a scroll of silence {unknown}
 W - a scroll of holy word {unknown}
Potions
 i - 4 potions of heal wounds
 n - 5 potions of agility
 v - 2 potions of cancellation
 C - a potion of invisibility
 J - a potion of magic
 M - 3 potions of flight
 N - 8 potions of curing
 R - a potion of might
Comestibles
 c - 5 beef jerkies
 g - 8 bread rations
 p - 10 royal jellies
 q - 24 fruits
 z - 9 meat rations

Dungeon Overview and Level Annotations

Branches:
Dungeon (12/15)            Temple (0/1) D:7            Lair (6/8) D:8
 Shoals (0/4) Lair:4        Snake (0/4) Lair:4          Orc (0/4) D:10
  Slime: Lair:6-8

Altars:
Ashenzari
Cheibriados
Dithmenos
Gozag
Kikubaaqudgha
Okawaru
Qazlal
Trog

Shops:
D:5 (=[[}   D:6 ?   D:8 (%[   D:11 *

Portals:
Trove: D:10 (give +4 demon whip)

Annotations:
Lair:6 exclusion: oklob plant


Message History

You sock the enormous slime creature!
The enormous slime creature is heavily wounded.
The enormous slime creature hits you but does no damage.
The slime creature barely misses you.
You hit the enormous slime creature but do no damage.
The enormous slime creature is heavily wounded.
You puncture the enormous slime creature!
The enormous slime creature is heavily wounded.
The enormous slime creature hits you!!! The slime creature closely misses you.
You impale the enormous slime creature!!
The enormous slime creature is severely wounded.
The enormous slime creature hits you!!!
Two slime creatures merge to form a large slime creature.
You are too injured to fight recklessly!
You are too injured to fight recklessly!
You are too injured to fight recklessly!
You are too injured to fight recklessly!
You are too injured to fight recklessly!
You are too injured to fight recklessly!
You are too injured to fight recklessly!
You are too injured to fight recklessly!
You are too injured to fight recklessly!
You are too injured to fight recklessly!
You are too injured to fight recklessly!
You are too injured to fight recklessly!
You are too injured to fight recklessly!
You are too injured to fight recklessly!
You are too injured to fight recklessly!
You are too injured to fight recklessly!
You are too injured to fight recklessly!
You are too injured to fight recklessly!
Read which item? (? for menu, Esc to quit)
As you read the scroll of teleportation, it crumbles to dust.
You feel strangely unstable. The enormous slime creature hits you!!!
You die...

#..... #......
#....... .......
.#. ..# .......
.....# .......
#....# #......
#..#.## #.....
#.#.zooo #...#
#...oJJ# #+## #@#
#.# #.# #.# #(#
##.## #.#
##...##########)#
#...............#
###...############
.###..# .####.#


You could see a skeletal warrior, an enormous slime creature, a large slime
creature and 4 orcs.

Action                   |  1- 3 |  4- 6 |  7- 9 | 10-12 | 13-15 || total
-------------------------+-------+-------+-------+-------+-------++-------
Melee: Dagger            |    50 |     2 |       |       |       ||    52
       Flail             |    64 |   296 |   184 |       |       ||   544
       Morningstar       |       |       |    59 |       |       ||    59
       Dire flail        |       |       |   120 |   645 |   780 ||  1545
 Fire: Blowgun           |     4 |     6 |    25 |       |       ||    35
Invok: Slouch            |       |       |       |       |     2 ||     2
Evoke: Wand              |       |     1 |       |     2 |       ||     3
  Use: Scroll            |       |     7 |    12 |     6 |     9 ||    34
       Potion            |       |       |     2 |     1 |     1 ||     4
 Stab: Sleeping          |     5 |     1 |       |       |       ||     6
       Distracted        |       |     1 |     1 |       |       ||     2
       Paralysed         |       |     2 |       |       |       ||     2
  Eat: Chunk             |     2 |    11 |    21 |    28 |     9 ||    71
       Royal jelly       |       |       |     1 |       |       ||     1
       Pizza             |       |       |       |       |     4 ||     4

Notes
Turn   | Place    | Note
--------------------------------------------------------------
     0 | D:1      | Duffy the Human Assassin began the quest for the Orb.
     0 | D:1      | Reached XP level 1. HP: 16/16 MP: 1/1
    57 | D:1      | Reached XP level 2. HP: 17/23 MP: 2/2
   456 | D:1      | Reached skill level 3 in Fighting
   547 | D:1      | Reached XP level 3. HP: 9/29 MP: 3/3
  1791 | D:1      | Reached skill level 1 in Maces & Flails
  1816 | D:1      | Reached XP level 4. HP: 37/37 MP: 4/4
  2632 | D:2      | Reached skill level 4 in Fighting
  2928 | D:2      | Reached skill level 2 in Maces & Flails
  2940 | D:2      | Reached XP level 5. HP: 28/42 MP: 5/5
  3347 | D:3      | Reached skill level 3 in Maces & Flails
  3600 | D:3      | Noticed Ijyb
  3607 | D:3      | Killed Ijyb
  4008 | D:3      | Reached XP level 6. HP: 41/48 MP: 6/6
  4182 | D:4      | Reached skill level 4 in Maces & Flails
  4468 | D:4      | Found an iron altar of Okawaru.
  4578 | D:4      | Found a shattered altar of Ashenzari.
  4588 | D:4      | Reached skill level 5 in Maces & Flails
  4600 | D:4      | Noticed Natasha
  4608 | D:4      | Killed Natasha
  4714 | D:3      | Reached XP level 7. HP: 28/54 MP: 7/7
  4990 | D:4      | Noticed Natasha
  4995 | D:4      | Killed Natasha
  5077 | D:4      | Noticed Natasha
  5079 | D:4      | Killed Natasha
  5097 | D:5      | Entered Level 5 of the Dungeon
  5113 | D:5      | Reached skill level 6 in Maces & Flails
  5538 | D:5      | Reached skill level 7 in Maces & Flails
  5788 | D:5      | Reached XP level 8. HP: 51/60 MP: 8/8
  5790 | D:5      | Noticed Prince Ribbit
  6080 | D:5      | Found Vaamodee's Gadget Shoppe.
  6093 | D:5      | Noticed Menkaure
  6106 | D:5      | Killed Menkaure
  6106 | D:5      | Reached skill level 1 in Armour
  6350 | D:5      | Reached skill level 2 in Armour
  6451 | D:5      | Found an opulent altar of Gozag.
  6451 | D:5      | Found a shadowy altar of Dithmenos.
  6614 | D:5      | Found Goabbuem's Jewellery Shoppe.
  6661 | D:5      | Found Tilamoca's Armour Shop.
  6707 | D:5      | Reached skill level 3 in Armour
  6763 | D:5      | Reached skill level 8 in Maces & Flails
  6903 | D:5      | Found Biut's Armour Emporium.
  6930 | D:5      | Found a snail-covered altar of Cheibriados.
  6960 | D:5      | Became a worshipper of Cheibriados the Contemplative
  7152 | D:5      | Killed Prince Ribbit
  7152 | D:5      | Reached skill level 4 in Armour
  7249 | D:5      | Found Isacroh's Weapon Shoppe.
  7266 | D:5      | Noticed Sigmund
  7273 | D:5      | Reached XP level 9. HP: 65/65 MP: 9/9
  7294 | D:5      | Killed Sigmund
  7545 | D:5      | Reached skill level 9 in Maces & Flails
  7545 | D:5      | Reached skill level 5 in Armour
  7704 | D:6      | Gained mutation: Your mind is acute. (Int +2) [potion of beneficial mutation]
  8258 | D:6      | Reached * piety under Cheibriados
  8266 | D:6      | Reached skill level 5 in Fighting
  8597 | D:6      | Reached skill level 10 in Maces & Flails
  8643 | D:6      | Reached skill level 6 in Fighting
  8829 | D:6      | Reached ** piety under Cheibriados
  8889 | D:6      | Found Moduqohu's Magic Scroll Boutique.
  8892 | D:6      | Bought a scroll of identify for 30 gold pieces
  8892 | D:6      | Bought a scroll of teleportation for 45 gold pieces
  8892 | D:6      | Bought a scroll of identify for 30 gold pieces
  8894 | D:6      | Bought a scroll of fog for 30 gold pieces
  8927 | D:6      | Reached XP level 10. HP: 74/77 MP: 10/10
  9585 | D:7      | Reached skill level 7 in Fighting
  9820 | D:7      | Found a staircase to the Ecumenical Temple.
  9924 | D:7      | Reached skill level 11 in Maces & Flails
 10184 | D:8      | Reached skill level 8 in Fighting
 10196 | D:8      | Reached *** piety under Cheibriados
 10227 | D:8      | Reached XP level 11. HP: 81/87 MP: 11/11
 10535 | D:8      | Reached skill level 6 in Armour
 10614 | D:8      | Found Neluper's Food Boutique.
 10631 | D:8      | Found Ciattize's Weapon Emporium.
 10818 | D:8      | Reached skill level 12 in Maces & Flails
 10831 | D:8      | Reached **** piety under Cheibriados
 11120 | D:8      | Reached skill level 7 in Armour
 11147 | D:8      | Found a staircase to the Lair.
 11155 | D:8      | Reached skill level 1 in Invocations
 11179 | D:8      | Noticed Hanyuu's ghost (novice OpTm)
 11397 | D:8      | Killed Hanyuu's ghost
 11397 | D:8      | Reached skill level 2 in Invocations
 11612 | D:8      | Found Jiot's Antique Armour Emporium.
 11808 | D:9      | Reached skill level 3 in Invocations
 11901 | D:9      | Found a bloodstained altar of Trog.
 11904 | D:9      | Found an ancient bone altar of Kikubaaqudgha.
 12133 | D:9      | Reached ***** piety under Cheibriados
 12462 | D:10     | Entered Level 10 of the Dungeon
 12543 | D:10     | Reached skill level 4 in Invocations
 13097 | D:10     | Killed an unseen horror
 13097 | D:10     | Reached skill level 13 in Maces & Flails
 13097 | D:10     | Reached skill level 5 in Invocations
 13160 | D:10     | Found a portal to a secret trove of treasure.
 13211 | D:10     | Noticed Snorg
 13218 | D:10     | Killed Snorg
 13218 | D:10     | Reached XP level 12. HP: 78/94 MP: 13/16
 13315 | D:10     | Reached skill level 6 in Invocations
 13332 | D:10     | Found a staircase to the Orcish Mines.
 13967 | Lair:1   | Entered Level 1 of the Lair of Beasts
 13975 | Lair:1   | Reached ****** piety under Cheibriados
 14026 | Lair:1   | Noticed a seven-headed hydra
 14036 | Lair:1   | Killed a seven-headed hydra
 14036 | Lair:1   | Reached skill level 7 in Invocations
 14838 | Lair:1   | Reached skill level 8 in Invocations
 15389 | Lair:1   | Reached skill level 14 in Maces & Flails
 15432 | Lair:2   | Reached skill level 2 in Dodging
 15921 | Lair:2   | Reached skill level 3 in Dodging
 16034 | Lair:2   | Reached skill level 8 in Armour
 16449 | Lair:2   | Reached skill level 4 in Dodging
 16691 | Lair:3   | Reached skill level 9 in Armour
 16709 | Lair:3   | Reached XP level 13. HP: 96/99 MP: 19/19
 16852 | Lair:3   | Reached skill level 5 in Dodging
 17093 | Lair:3   | Reached skill level 10 in Armour
 18020 | Lair:4   | Reached skill level 6 in Dodging
 18030 | Lair:4   | Reached skill level 11 in Armour
 18158 | Lair:4   | Found a staircase to the Snake Pit.
 18382 | Lair:4   | Got a brightly glowing ivory ring
 18451 | Lair:4   | Reached skill level 7 in Dodging
 18453 | Lair:4   | Identified the ring of Sasesothau {rC+ SInv} (You found it on level 4 of the Lair of Beasts)
 18538 | Lair:4   | Reached skill level 12 in Armour
 18985 | Lair:4   | Found a staircase to the Shoals.
 19437 | D:5      | Bought the amulet of the Four Winds {Clar rN+ MR+++} for 593 gold pieces
 19656 | Lair:5   | Reached skill level 8 in Dodging
 19702 | Lair:5   | Reached skill level 13 in Armour
 20070 | Lair:5   | Reached skill level 14 in Armour
 20075 | Lair:5   | Reached XP level 14. HP: 53/106 MP: 20/20
 20725 | Lair:5   | Reached skill level 15 in Armour
 21232 | Lair:5   | Noticed Rupert
 21255 | Lair:5   | Killed Rupert
 21255 | Lair:5   | Reached skill level 9 in Fighting
 22217 | Lair:6   | Reached skill level 9 in Dodging
 22481 | Lair:6   | Noticed nublet's ghost (journeyman DrWr)
 22493 | Lair:6   | Found an opulent altar of Gozag.
 22500 | Lair:6   | Killed nublet's ghost
 23321 | D:11     | Reached skill level 10 in Fighting
 23772 | D:11     | Found Xis Null's Assorted Antiques.
 23802 | D:11     | Found a stormy altar of Qazlal.
 24223 | D:11     | Reached skill level 10 in Dodging
 24498 | D:12     | Found a shadowy altar of Dithmenos.
 24553 | D:12     | Reached skill level 9 in Invocations
 24691 | D:12     | Reached XP level 15. HP: 44/115 MP: 22/22
 24996 | D:12     | Annihilated by an enormous slime creature

Vault maps used:
D:1:      lemuel_arrival_cross, roderic_lattice_a,
          minmay_misc_feat_more_columns, serial_bayou_lake_a
D:2:      first_bread, minmay_misc_feat_encased
D:3:      st_stairs_14, uniq_iyjb
D:4:      cheibrodos_ashenzari_chains, okawaru_metal_pillars_1_2, uniq_natasha
D:5:      lemuel_crystal_altar, amethyst_overflow_temple_binary, serial_shops,
          nicolae_shop_behind_doors, shop, shop, shop_statue, shop, st_stairs_1,
          hangedman_minor_gate_pass, uniq_sigmund, uniq_prince_ribbit1,
          uniq_menkaure
D:6:      serial_shops, kennysheep_mini_moat
D:7:      minmay_temple_entry_fiery
D:8:      minmay_lair_entry_grove, serial_shops, shop, kennysheep_mini,
          nicolae_shop_scaring_up_business
D:9:      grunt_temple_overflow_open
D:10:     erik_orc_3, trove_entry_hex_spiral, uniq_snorg
D:11:     serial_shops, shop, hangedman_little_slice_of_home, minivault_4,
          grunt_qazlal_sundering
D:12:     grunt_ministairs_14, kennysheep_doodads,
          nicolae_dithmenos_shadow_blocks
Lair:1:   hangedman_lair_generics_rect, grunt_megastairs_4, lemuel_fruit_fields,
          serial_bayou_shore_b
Lair:2:   serial_bayou_shore_a, grunt_megastairs_2
Lair:3:   st_stairs_4
Lair:4:   minmay_shoals_entry_beasts, minmay_snake_entry_guardpost_small, pond,
          grunt_megastairs_3
Lair:5:   beast_lair_carwin_1, uniq_rupert
Lair:6:   basic_altar

Vanquished Creatures
  Rupert
  The ghost of nublet the Placeless Draconian, a journeyman DrWr Snorg
  3 hydras
  8 death yaks
  3 skeletal warriors
  2 unseen horrors
  A hill giant
  A lindwurm
  2 griffons
  A manticore
  A cyclops
  The ghost of Hanyuu the Insei, a novice OpTm
  2 black mambas
  A gargoyle
  A kobold demonologist
  15 spiny frogs
  2 fire drakes
  6 komodo dragons
  A merfolk
  2 trolls Prince Ribbit
  4 slime creatures
  2 polar bears Sigmund
  46 yaks
  2 wyverns
  3 hungry ghosts
  2 steam dragons
  6 basilisks
  6 hippogriffs
  2 mottled dragons
  A warg Menkaure
  4 nagas
  10 wolves
  10 orc warriors
  12 water moccasins
  An eye of draining
  14 porcupines
  4 sky beasts
  2 black bears
  6 ice beasts
  3 phantoms
  5 ogres
  6 centaurs
  17 crocodiles
  4 big kobolds
  24 giant frogs
  A wyvern skeleton
  3 wights
  12 killer bees
  2 scorpions
  A water moccasin skeleton
  An electric eel
  A giant frog zombie
  10 orc priests
  7 crimson imps
  9 hounds
  2 quasits
  3 centaur skeletons
  13 orc wizards
  3 centaur zombies
  5 jellies
  2 giant frog skeletons Ijyb
  12 worker ants
  Natasha (thrice)
  13 iguanas
  A killer bee zombie
  6 sheep
  4 hound skeletons
  2 gnolls
  18 adders
  60 river rats
  4 shadow imps
  7 oozes
  An adder zombie
  An adder skeleton
  3 worms
  5 giant geckos
  60 orcs
  2 ball pythons
  8 giant cockroaches
  16 goblins
  17 hobgoblins
  34 kobolds
  10 quokkas
  7 bats
  2 giant gecko zombies
  4 giant newts
  6 jackals
  A jackal skeleton
  A jackal zombie
  10 rats
  A bush
  4 fungi
  6 plants
660 creatures vanquished.
